 Dungeon Crawl Stone Soup version 0.31-a0-219-g8d62b2e7bb (webtiles) character file.

Game seed: 12993868829143117122

2836 olmar the Digger (level 9, -1/64 HPs)
             Began as a Demigod Earth Elementalist on July 3, 2023.
             Slain by Duvessa
             ... wielding a +0 short sword
              (10 damage)
             ... on level 7 of the Dungeon.
             The game lasted 00:14:34 (7496 turns).

olmar the Digger (Demigod Earth Elementalist)       Turns: 7496, Time: 00:14:34

Health: -1/64      AC:  3    Str:  9    XL:     9   Next: 22%
Magic:  3/23       EV: 12    Int: 29    God:
Gold:   1214       SH:  5    Dex: 14    Spells: 12/22 levels left

rFire   . . .        j - staff of earth
rCold   . . .        (no shield)
rNeg    . . .        a - +1 robe
rPois   .            (no helmet)
rElec   .            (no cloak)
rCorr   .            (no gloves)
SInv    .            (no boots)
Will    .....        g - amulet of reflection
Stlth   ++           h - +4 ring of slaying
HPRegen 0.30/turn    (no ring)
MPRegen 0.18/turn

%: reflection
@: no status effects
A: high MP 1, forlorn, divine attributes
a: no special abilities


You were on level 7 of the Dungeon.
You visited 1 branch of the dungeon, and saw 7 of its levels.
You also visited: Ossuary.

You collected 1214 gold pieces.

Inventory:

Missiles
 l - 10 poisoned darts
 r - 4 boomerangs
 y - a curare-tipped dart
Armour
 a - a +1 robe (worn)
 n - the +6 scale mail "Quani" {rC+ rN+ Will+}
   (You found it on level 4 of the Dungeon)

   rC:        It protects you from cold.
   rN:        It protects you from negative energy.
   Will:      It increases your willpower.
Magical Staves
 j - a staff of earth (weapon)
Jewellery
 g - an amulet of reflection (around neck)
 h - a +4 ring of slaying (left hand)
 o - an amulet of guardian spirit
Wands
 f - a wand of flame (16)
 v - a wand of digging (1)
 w - a wand of iceblast (12)
Scrolls
 e - 7 scrolls of teleportation
 k - 3 scrolls of enchant weapon
 t - 3 scrolls of immolation
Potions
 b - a potion of magic
 c - a potion of resistance
 i - 2 potions of might
 m - 2 potions of haste
 p - 2 potions of enlightenment
 q - 3 potions of curing {unknown}
 x - a potion of degeneration {unknown}
 z - a potion of brilliance {unknown}
 A - a potion of lignification {unknown}


   Skills:
 + Level 1.0 Fighting
 + Level 0.1 Staves
 - Level 0.2 Throwing
 + Level 2.7 Dodging
 + Level 3.1 Stealth
 + Level 0.1 Shields
 - Level 0.1 Unarmed Combat
 + Level 7.1 Spellcasting
 + Level 2.0 Conjurations
 + Level 3.9 Transmutations
 + Level 7.7 Earth Magic


You had 12 spell levels left.
You knew the following spells:

 Your Spells              Type           Power      Damage    Failure   Level
a - Sandblast             Erth           100%       2d20      1%          1
b - Stone Arrow           Conj/Erth      100%       3d13      1%          3
c - Petrify               Tmut/Erth      60%        N/A       4%          4
d - Passwall              Tmut/Erth      50%        N/A       1%          2

Your spell library contained the following spells:

 Spells                   Type           Power      Damage    Failure   Level
 Slow                     Hex            40%        N/A       4%          1
 Sublimation of Blood     Necr           10%        N/A       8%          2
 Leda's Liquefaction      Hex/Erth       24%        N/A       11%         4
 Call Canine Familiar     Summ           10%        N/A       16%         3
 Confusing Touch          Hex            10%        N/A       16%         3
 Portal Projectile        Hex/Tloc       20%        N/A       16%         3
 Vampiric Draining        Necr           10%        2d6       16%         3
 Irradiate                Conj/Tmut      13%        3d16      38%         5


Dungeon Overview and Level Annotations

Branches:
Dungeon (7/15)            Ossuary (visited)
 Temple: D:4-7

Annotations:
D:3 Pargi
D:7 Duvessa


Innate Abilities, Weirdness & Mutations

You have an increased reservoir of magic. (+10% MP)
You shall have no god before yourself.
Your divine heritage dramatically boosts your attributes as you level up.


Message History

Press: ? - help, Dir - move target, p - Duvessa
As you read the scroll of blinking, it crumbles to dust.
Casting: Sandblast (safe; 1% risk of failure)
Confirm with . or Enter, or press ? or * to list all spells.
Okay, then.
Casting: Sandblast (safe; 1% risk of failure)
Confirm with . or Enter, or press ? or * to list all spells.
Aiming: Petrify (dangerous; 4% risk of failure)
Press: ? - help, Shift-Dir - straight line, f - Duvessa
Aim: Duvessa, wielding a +0 short sword, wearing a +0 chain mail and carrying a wand of polymorph (8) (translocational energy, severely wounded, berserk, chance to affect: 59%)
You feel a surge of power!
Duvessa resists with significant effort.
Aiming: Iceblast
Press: ? - help, Shift-Dir - straight line, f/p - Duvessa
Aim: Duvessa, wielding a +0 short sword, wearing a +0 chain mail and carrying a wand of polymorph (8) (severely wounded, berserk)
The mass of ice explodes!
The iceblast engulfs Duvessa but does no damage.
Duvessa is severely wounded.
Unknown command.
Aiming: Iceblast
Press: ? - help, Shift-Dir - straight line, f/p - Duvessa
Aim: Duvessa, wielding a +0 short sword, wearing a +0 chain mail and carrying a wand of polymorph (8) (severely wounded, berserk)
The mass of ice explodes!
The iceblast engulfs Duvessa.
Duvessa is almost dead.
Unknown command.
Unknown command.
Aiming: Iceblast
Press: ? - help, Shift-Dir - straight line, p - Duvessa The mass of ice explodes!
The iceblast engulfs Duvessa but does no damage.
Duvessa is almost dead.
Duvessa hits you with a +0 short sword!
* * * LOW HITPOINT WARNING * * *
Unknown command.
Aiming: Iceblast
Press: ? - help, Shift-Dir - straight line The mass of ice explodes!
The iceblast engulfs Duvessa.
Duvessa is almost dead.
Duvessa hits you with a +0 short sword!
You die...

.##.#.....#####.....#
.##.##...##.).##...##
.#...##)##.....##.##
.#...##.#.......#[########.#
.....##.'...)...#[)..#.....#
.##..##.#.......#)##...#
.#...##.##.....##.####e#
.#####...##...##...###.#
....#.....#####e@...##.# ####.
###.#...............##.##.....
..).#.....#####.....##.#......
.#####.).## ##...###...#
....[##### ########.###
####....#######........#
#.........>#.######.#
#..#................#
#..#....#############


You could see Duvessa (berserk).

Vanquished Creatures
  Pikel (D:5)
  Sigmund (D:5)
  A wyvern (D:7)
  Edmund (D:5)
  A water moccasin (D:7)
  An orc warrior (D:7)
  2 black bears
  2 ogres
  A phantom (D:5)
  A lemure (D:5)
  An elf zombie (Ossuary)
  A kobold brigand (D:7)
  3 bullfrogs
  4 scorpions
  Dowan (D:7)
  3 howler monkeys
  2 centaur zombies (Ossuary)
  2 jellies
  3 hounds
  Ijyb (D:5)
  4 orc wizards
  2 mummies (Ossuary)
  An adder (D:6)
  3 gnolls (D:6)
  A shadow imp (D:7)
  A white imp (D:7)
  2 adder zombies (Ossuary)
  4 worms
  4 dart slugs
  19 orcs
  7 bats
  8 endoplasms
  4 giant cockroaches
  5 hobgoblins
  6 jackals
  4 quokkas
  10 ball pythons
  6 frilled lizards
  A goblin zombie (Ossuary)
  12 hobgoblin zombies (Ossuary)
  A jackal zombie (Ossuary)
  12 kobolds
  11 kobold zombies (Ossuary)
  6 orc zombies (Ossuary)
  7 rats
  A rat zombie (Ossuary)
175 creatures vanquished.

Vanquished Creatures (others)
  An orc wizard (D:4)
1 creature vanquished.

Grand Total: 176 creatures vanquished

Notes
Turn   | Place    | Note
-------+----------+-------------------------------------------
     0 | D:1      | olmar the Demigod Earth Elementalist began the quest for
                  | the Orb.
     0 | D:1      | Reached XP level 1. HP: 14/14 MP: 5/5
   261 | D:1      | Reached XP level 2. HP: 14/20 MP: 4/7
  1133 | D:2      | Reached XP level 3. HP: 26/26 MP: 7/9
  2142 | D:2      | Learned a level 3 spell: Stone Arrow
  2299 | D:3      | Identified 2 scrolls of acquirement
  2299 | D:3      | Acquired 836 gold pieces
  2301 | D:3      | Acquired a staff of earth
  2410 | D:3      | Reached XP level 4. HP: 29/33 MP: 7/11
  2584 | D:3      | Noticed Pargi
  2608 | D:3      | Learned a level 4 spell: Petrify
  2991 | D:4      | Identified the +6 scale mail "Quani" {rC+ rN+ Will+}
  3166 | D:4      | Found a sand-covered staircase.
  3170 | Ossuary  | Entered an ossuary
  3377 | Ossuary  | Reached XP level 5. HP: 38/38 MP: 10/12
  3724 | Ossuary  | Reached XP level 6. HP: 45/45 MP: 11/14
  3982 | D:4      | Learned a level 2 spell: Passwall
  4735 | D:5      | Entered Level 5 of the Dungeon
  4771 | D:5      | Reached skill level 5 in Earth Magic
  4779 | D:5      | Noticed Edmund
  4785 | D:5      | Killed Edmund
  4786 | D:5      | Reached XP level 7. HP: 37/50 MP: 7/17
  4890 | D:5      | Noticed Ijyb
  5164 | D:5      | Reached skill level 1 in Transmutations
  5224 | D:5      | Noticed Sigmund
  5229 | D:5      | Killed Sigmund
  5230 | D:5      | Reached skill level 5 in Spellcasting
  5287 | D:5      | Killed Ijyb
  5706 | D:5      | Noticed Pikel
  5713 | D:5      | Killed Pikel
  5714 | D:5      | Reached XP level 8. HP: 58/58 MP: 9/20
  7318 | D:7      | Reached skill level 1 in Conjurations
  7342 | D:7      | Reached XP level 9. HP: 17/63 MP: 4/23
  7418 | D:7      | Reached skill level 1 in Fighting
  7424 | D:7      | Noticed Dowan
  7441 | D:7      | Killed Dowan
  7446 | D:7      | Noticed Duvessa
  7496 | D:7      | Slain by Duvessa

Illustrated notes

Levels and vault maps discovered:
D:1:      minmay_arrival_plants_in_alcoves, layout_loops_ring,
          hangedman_feature_mirror, minmay_pentomino_x2
D:2:      layout_basic, minmay_misc_feat_alley, minivault_5
D:3:      layout_rooms, grunt_ministairs_8, minmay_misc_feat_diagonals,
          uniq_pargi
D:4:      layout_basic, lightli_ossuary_entry_decrepit_ruins
D:5:      layout_basic, mainiacjoe_overflow_tiny_flanked, kennysheep_donut,
          uniq_sigmund, uniq_ijyb, uniq_pikel, uniq_edmund
D:6:      layout_basic, chequers_temple_overflow_statue_of_worship,
          hangedman_glass_teeth
D:7:      minmay_octagon_keep, layout_basic, minmay_temple_entry_sparse_star,
          enter_bailey_5, uniq_duvessa, uniq_crazy_yiuf_cottage

Skill      XL: |  1  2  3  4  5  6  7  8  9 |
---------------+----------------------------+-----
Dodging        | 2 |  2.7
Spellcasting   | 2 3 4 6 7 |  7.1
Earth Magic    | 3 4 5 6 7 |  7.7
Stealth        | 2 3 |  3.1
Transmutations | 3 |  3.9
Conjurations   | 1 2 |  2.0
Fighting       | 1 |  1.0
Staves         | |  0.1
Throwing       | |  0.2
Shields        | |  0.1
Unarmed Combat | |  0.1

Action                     |  1- 3 |  4- 6 |  7- 9 || total
---------------------------+-------+-------+-------++-------
  Melee: Unarmed           |     3 |       |    10 ||    13
         Staff             |       |     7 |     4 ||    11
  Throw: Dart              |       |     4 |     5 ||     9
   Cast: Sandblast         |    82 |   108 |    54 ||   244
         Stone Arrow       |       |       |    21 ||    21
         Petrify           |       |       |    10 ||    10
  Evoke: Wand              |       |       |    29 ||    29
    Use: Scroll            |     3 |    10 |     5 ||    18
         Potion            |       |       |     2 ||     2
   Stab: Petrified         |       |       |    10 ||    10
 Armour: Robe              |     8 |    12 |     5 ||    25
  Dodge: Dodged            |    12 |    24 |    23 ||    59
  Block: Other             |     1 |       |       ||     1

Table legend: (Time is in decaauts)
 A = Elapsed time spent in this place.
 B = Non-inter-level travel time spent in this place.
 C = Inter-level travel time spent in this place.
 D = Time resting spent in this place.
 E = Time spent auto-exploring this place.
 F = Levels seen in this place.
 G = Mean time per level.
                   A        B        C        D        E       F      G
               +--------+--------+--------+--------+--------+-----+--------+
         Total |   7619 |   7438 |    181 |   1054 |   4746 |   8 |  952.4 |
       Dungeon |   6819 |   6638 |    181 |    673 |   4505 |   7 |  974.1 |
       Ossuary |    800 |    800 |      0 |    381 |    241 |   1 |  800.0 |
               +--------+--------+--------+--------+--------+-----+--------+

Top non-repeatable levels by time:
     D:5: 1322 daAuts
     D:2: 1249 daAuts
     D:4: 1229 daAuts
     D:6: 1160 daAuts
     D:1: 1023 daAuts
 Ossuary: 800 daAuts
     D:3: 520 daAuts
     D:7: 312 daAuts
